 Dungeon Crawl Stone Soup version 0.30-a0-946-gec5dcfc036 (webtiles) character file.

Game seed: 11078148869394017910

1409 gohu the Cleaver (level 8, -5/67 (73) HPs)
             Began as a Hill Orc Fighter on Mar 26, 2023.
             Slain by a wight
             ... wielding a +0 great sword
              (10 damage)
             ... on level 6 of the Dungeon.
             The game lasted 00:10:37 (5276 turns).

gohu the Cleaver (Hill Orc Fighter)                 Turns: 5276, Time: 00:10:37

HP:   -5/67 (73)    AC: 12    Str: 21    XL:     8   Next: 70%
MP:   8/8           EV:  7    Int:  8    God:
Gold: 169           SH:  4    Dex: 10    Spells: 7/7 levels left

rFire   . . .      SeeInvis .    q - +0 war axe (freeze)
rCold   . . .      Faith    .    c - +0 buckler
rNeg    . . .      Spirit   .    v - +0 chain mail
rPois   .          Reflect  .    (no helmet)
rElec   .          Rampage  .    g - +0 cloak
rCorr   .                        m - +0 pair of gloves
Will    .....                    (no boots) Stlth
                                 (no amulet)
HPRegen 0.31/turn                (no ring)
MPRegen 0.11/turn                (no ring)

@: drained
A: no striking features
a: no special abilities


You were on level 6 of the Dungeon.
You visited 1 branch of the dungeon, and saw 8 of its levels.

You collected 257 gold pieces.
You spent 88 gold pieces at shops.

Inventory:

Hand Weapons
 a - a +0 war axe
 q - a +0 war axe of freezing (weapon)
Missiles
 y - 2 boomerangs (quivered)
Armour
 b - a +0 scale mail
 c - a +0 buckler (worn)
 g - a +0 cloak (worn)
 m - a +0 pair of gloves (worn)
 v - a +0 chain mail (worn)
Wands
 d - a wand of flame (8)
 p - a wand of iceblast (10)
Scrolls
 f - 2 scrolls of magic mapping {unknown}
 h - 3 scrolls of identify {unknown}
 j - 2 scrolls of enchant armour {unknown}
 n - 2 scrolls of fog {unknown}
 o - a scroll of blinking {unknown}
 r - a scroll of vulnerability {unknown}
 s - a scroll of poison {unknown}
 t - 2 scrolls of enchant weapon {unknown}
 x - a scroll of acquirement {unknown}
Potions
 e - a potion of resistance {unknown}
 i - a potion of flight {unknown}
 k - a potion of lignification {unknown}
 l - a potion of degeneration {unknown}
 u - a potion of invisibility
 w - 2 potions of curing
 z - a potion of mutation {unknown}


   Skills:
 * Level 7.0 Fighting
 * Level 10.7 Axes
 + Level 5.9 Armour
 - Level 3.2 Shields


You had 7 spell levels left.
You didn't know any spells.
Your spell library contained the following spells:

 Spells                   Type           Power      Damage    Failure   Level
 Beastly Appendage        Tmut           0%         N/A       99%         1
 Foxfire                  Conj/Fire      0%         2x1d4     99%         1
 Ensorcelled Hibernation  Hex/Ice        0%         N/A       100%        2
 Wereblood                Tmut           0%         N/A       100%        2
 Inner Flame              Hex/Fire       0%         N/A       100%        3
 Ozocubu's Armour         Ice            0%         N/A       100%        3
 Portal Projectile        Hex/Tloc       0%         N/A       100%        3
 Spider Form              Tmut/Pois      0%         N/A       100%        3
 Tukima's Dance           Hex            0%         N/A       100%        3
 Anguish                  Hex/Necr       0%         N/A       100%        4
 Animate Dead             Necr           0%         N/A       100%        4
 Blade Hands              Tmut           0%         N/A       100%        5
 Fireball                 Conj/Fire      0%         3d3       100%        5
 Starburst                Conj/Fire      0%         6d3       100%        6
 Ozocubu's Refrigeration  Ice            0%         4d7       100%        7
 Fire Storm               Conj/Fire      0%         5d1       100%        9


Dungeon Overview and Level Annotations

Branches:
Dungeon (8/15)
 Temple: D:4-7         Lair: D:8-11

Altars:
Gozag
Hepliaklqana
Kikubaaqudgha
Nemelex Xobeh
The Shining One

Shops:
D:3 =*   D:6 (

Annotations:
D:5 Eustachio
D:6 2 runed translucent doors, sanka's ghost, novice GrCA


Message History

You are too injured to fight recklessly!
You are too injured to fight recklessly!
You are too injured to fight recklessly!
You barely miss the wight.
The wight is heavily damaged.
You closely miss the wight.
The wight is heavily damaged.
You closely miss the wight.
The wight hits you with a +2 short sword!
The wight hits you with a +0 great sword!
* * * LOW HITPOINT WARNING * * *
You feel drained. The wight attacks as you move away!
The wight hits you with a +2 short sword.
* * * LOW HITPOINT WARNING * * *
You feel drained.
You slash the wight!
You destroy the wight!
You hit the wight.
The wight hits you with a +0 great sword.
* * * LOW HITPOINT WARNING * * *
Your Fighting skill increases to level 7!
You barely miss the wight.
The wight is almost destroyed.
The wight hits you with a +0 great sword.
* * * LOW HITPOINT WARNING * * *
You feel drained.
You completely miss the wight.
The wight is almost destroyed.
The wight closely misses you.
You hit the wight but do no damage.
The wight is almost destroyed.
The wight hits you with a +0 great sword.
* * * LOW HITPOINT WARNING * * *
You hit the wight but do no damage.
The wight is almost destroyed.
The wight hits you with a +0 great sword.
* * * LOW HITPOINT WARNING * * *
The wight hits you with a +0 great sword!
You die...

#....# ### ######.)†.#
#_# #...##..### #.#
#...##..# ###.###
#...#...###≈...≈#
#...#....+#≈...≈# #
#...###'###≈...≈# ##
#...##z.# #≈...≈# #.
#....@).# #≈...≈# #.
#.......# #≈...≈# #.
##......# #≈...≈# #.
##..##..# #≈...≈# #.
#...##..# ###.#####+##
+.......### #.# #...##
##........# #.# #.....
##..##..#####.###<....
#...###+##.....##.....


You could see a wight.

Vanquished Creatures
  A sky beast (D:6)
  2 centaurs (D:6)
  A kobold brigand (D:7)
  A scorpion (D:6)
  A gnoll sergeant (D:4)
  6 wights (D:6)
  5 hounds
  A jelly (D:6)
  An orc priest (D:3)
  Jessica (D:3)
  A scorpion zombie (D:2)
  Terence (D:2)
  An orc wizard (D:4)
  2 sleepcaps
  3 iguanas
  6 adders
  6 gnolls
  A white imp (D:4)
  An adder zombie (D:2)
  A worm (D:4)
  A dart slug (D:2)
  11 orcs
  9 ball pythons
  9 bats
  2 bat skeletons (D:2)
  A bat zombie (D:2)
  6 endoplasms
  5 giant cockroaches
  6 goblins
  4 hobgoblins
  4 jackals
  2 ball python skeletons (D:2)
  A ball python zombie (D:2)
  3 frilled lizards
  2 giant cockroach zombies (D:2)
  10 kobolds
  A quokka skeleton (D:2)
  3 rats (D:1)
  2 rat zombies (D:6)
125 creatures vanquished.

Vanquished Creatures (others)
  5 plants
  4 withered plants (D:2)
9 creatures vanquished.

Grand Total: 134 creatures vanquished

Notes
Turn   | Place    | Note
-------+----------+-------------------------------------------
     0 | D:1      | gohu the Hill Orc Fighter began the quest for the Orb.
     0 | D:1      | Reached XP level 1. HP: 19/19 MP: 1/1
   276 | D:1      | Reached skill level 3 in Axes
   276 | D:1      | Reached XP level 2. HP: 27/27 MP: 2/2
   379 | D:1      | Found a faded altar of an unknown god.
   450 | D:1      | Reached XP level 3. HP: 33/33 MP: 3/3
   887 | D:2      | Reached skill level 4 in Axes
   887 | D:2      | Reached XP level 4. HP: 37/41 MP: 4/4
   889 | D:2      | Got the Compilation of the Smouldering Catacomb
  1249 | D:2      | Noticed Terence
  1260 | D:2      | Killed Terence
  1261 | D:2      | Reached skill level 5 in Axes
  1716 | D:2      | Reached XP level 5. HP: 42/47 MP: 5/5
  2003 | D:3      | Found Vacown's General Store.
  2008 | D:3      | Bought a potion of curing for 33 gold pieces
  2008 | D:3      | Bought a potion of heal wounds for 55 gold pieces
  2264 | D:3      | Found an opulent altar of Gozag.
  2264 | D:3      | Noticed Jessica
  2457 | D:3      | Killed Jessica
  2458 | D:3      | Reached skill level 5 in Fighting
  2458 | D:3      | Reached skill level 6 in Axes
  2570 | D:3      | Found Jedwaadgh's One-of-a-Kind Rings.
  2637 | D:3      | Found a glowing golden altar of the Shining One.
  2843 | D:3      | Reached XP level 6. HP: 56/56 MP: 6/6
  3035 | D:5      | Entered Level 5 of the Dungeon
  3072 | D:4      | Found a hazy altar of Hepliaklqana.
  3229 | D:5      | Reached skill level 7 in Axes
  3327 | D:4      | Reached XP level 7. HP: 31/61 MP: 7/7
  3720 | D:4      | Found a sparkling altar of Nemelex Xobeh.
  4010 | D:6      | Reached skill level 8 in Axes
  4085 | D:5      | Noticed Eustachio
  4321 | D:6      | Found Gori's Weapon Boutique.
  4361 | D:6      | Reached skill level 5 in Armour
  4503 | D:6      | Reached skill level 9 in Axes
  4553 | D:6      | Reached XP level 8. HP: 69/70 MP: 8/8
  4649 | D:6      | Found a runed translucent door.
  4650 | D:6      | Noticed sanka's ghost (novice GrCA)
  4697 | D:6      | Found a runed translucent door.
  5066 | D:6      | Reached skill level 10 in Axes
  5174 | D:6      | Found an ancient bone altar of Kikubaaqudgha.
  5276 | D:6      | Slain by a wight

Illustrated notes

Levels and vault maps discovered:
D:1:      minmay_arrival_stair_chambers, layout_basic,
          hellmonk_ecumenical_altar_inner_sanctum
D:2:      wander_river, layout_loops_corners, serial_undead, serial_undead_b,
          serial_undead_c, serial_undead_f, serial_undead_a, serial_undead_a,
          serial_undead_a, serial_undead_c, chequers_serial_rivers_large_a,
          uniq_terence
D:3:      layout_loops_ring, tso_oasis_becter, nicolae_gozag_seed_capital,
          serial_shops, shop, nicolae_shop_unique_rings, chequers_arboretum,
          uniq_jessica
D:4:      layout_cave_pools, mainiacjoe_overflow_small_starburst,
          nemelex_diamond_rough_becter, serial_park_tiny_pond
D:5:      layout_rooms, lemuel_tele_altar, serial_bayou_pond_c, sigmund_army,
          uniq_eustachio
D:6:      layout_gridville, lemuel_zombie_altar_kikubaaqudgha, serial_shops,
          nicolae_shop_bloodbath_and_beyond, ebering_ghost_sewer_f
D:7:      layout_gridville, minmay_temple_entry_enclosed_plants,
          roderic_roman_lattice
D:8:      layout_basic, amcnicky_altar_gilded, minmay_hollow_rounded_squares

Skill      XL: |  1  2  3  4  5  6  7  8 |
---------------+-------------------------+-----
Fighting       | 4 5 6 7 |  7.0
Axes           | 3 4 5 6 7 9 10 | 10.7
Armour         | 4 5 |  5.9
Shields        | |  3.2

Action                     |  1- 3 |  4- 6 |  7- 9 || total
---------------------------+-------+-------+-------++-------
  Melee: War axe           |    67 |   177 |   151 ||   395
  Throw: Boomerang         |       |       |     1 ||     1
  Evoke: Wand              |       |     1 |       ||     1
    Use: Potion            |       |     3 |       ||     3
 Armour: Scale mail        |    37 |   101 |    41 ||   179
         Chain mail        |       |       |    34 ||    34
  Dodge: Dodged            |    35 |    70 |    65 ||   170
  Block: Buckler           |    17 |    47 |    35 ||    99

Table legend: (Time is in decaauts)
 A = Elapsed time spent in this place.
 B = Non-inter-level travel time spent in this place.
 C = Inter-level travel time spent in this place.
 D = Time resting spent in this place.
 E = Time spent auto-exploring this place.
 F = Levels seen in this place.
 G = Mean time per level.
                   A        B        C        D        E       F      G
               +--------+--------+--------+--------+--------+-----+--------+
         Total |   5427 |   5151 |    276 |    253 |   3500 |   8 |  678.4 |
       Dungeon |   5427 |   5151 |    276 |    253 |   3500 |   8 |  678.4 |
               +--------+--------+--------+--------+--------+-----+--------+

Top non-repeatable levels by time:
     D:2: 1163 daAuts
     D:3: 1144 daAuts
     D:6: 1034 daAuts
     D:4: 849 daAuts
     D:1: 757 daAuts
     D:5: 320 daAuts
     D:7: 127 daAuts
     D:8: 29 daAuts
